 Dungeon Crawl Stone Soup version 0.18.1-48-g4cf74bf (webtiles) character file.

245 Nulkur the Skirmisher (level 5, -7/42 HPs)
             Began as a Mummy Fighter on Sept 9, 2016.
             Killed from afar by an orc wizard (8 damage)
             ... with a magic dart
             ... on level 4 of the Dungeon.
             The game lasted 00:05:00 (2250 turns).

Nulkur the Skirmisher (Mummy Fighter)               Turns: 2250, Time: 00:05:00

Health: -7/42      AC: 11    Str: 20    XL:     5   Next: 84%
Magic:  5/5        EV:  5    Int:  8    God:
Gold:   182        SH:  9    Dex: 11    Spells: 0 memorised, 4 levels left

rFire  x . .     SeeInvis .     q - +2 flail (drain)
rCold  + . .     Gourm    .     o - +0 plate armour
rNeg   + + +     Faith    .     c - +0 shield
rPois  ∞         Spirit   .     (no helmet)
rElec  .         Dismiss  .     (no cloak)
rCorr  .         Reflect  .     (no gloves)
SustAt .         Harm     .     (no boots)
MR     .....                    (no amulet)
Stlth  ..........               (no ring)
                                i - +2 ring of evasion

@: not resistant to hostile enchantments, extremely unstealthy
A: no food or potions, fire vulnerability, cold resistance 1, negative energy
resistance 3, torment resistance, unbreathing
a: no special abilities


You were on level 4 of the Dungeon.
You were not hungry.

You visited 1 branch of the dungeon, and saw 4 of its levels.

You collected 182 gold pieces.

Inventory:

Hand Weapons
 a - a +0 trident
 q - a +2 flail of draining (weapon)
Armour
 b - a +0 scale mail
 c - a +0 shield (worn)
 o - a +0 plate armour (worn)
Jewellery
 i - a +2 ring of evasion (left hand)
Wands
 p - a wand of digging (8/24)
Scrolls
 d - 2 scrolls of noise {unknown}
 e - a scroll of remove curse {unknown}
 f - 2 scrolls of enchant armour {unknown}
 g - 8 scrolls of identify {unknown}
 h - a scroll of teleportation {unknown}
 j - a scroll of fog {unknown}
 k - 4 scrolls of amnesia {unknown}
 l - a scroll of immolation {unknown}
 m - a scroll of fear {unknown}
 n - a scroll of enchant weapon {unknown}


   Skills:
 + Level 3.9 Fighting
 * Level 1.1 Maces & Flails
 - Level 2.4 Polearms
 + Level 3.5 Armour
 + Level 3.4 Shields


You had 4 spell levels left.
You didn't know any spells.

Dungeon Overview and Level Annotations

Branches:
Dungeon (4/15)
 Temple: D:4-7

Altars:
Dithmenos
Kikubaaqudgha
Ru
Zin


Innate Abilities, Weirdness & Mutations

You do not eat or drink.
Your flesh is vulnerable to fire.
You are immune to poison.
Your flesh is cold resistant.
You are immune to negative energy.
You are immune to unholy pain and torment.
You can survive without breathing.


Message History

You miss something. You block something's attack. The orc barely misses you.
Something hits you but does no damage.
You miss something. The orc hits you but does no damage.
You block something's attack. The orc barely misses you.
Your plate armour prevents you from hitting something.
Something hits you but does no damage. The orc hits you with a short sword.
* * * LOW HITPOINT WARNING * * *
Something hits you but does no damage.
You hit something but do no damage. The orc hits you with a short sword.
* * * LOW HITPOINT WARNING * * *
You block something's attack. The orc hits you but does no damage.
Your shield and plate armour prevent you from hitting something.
Something hits you but does no damage. The orc hits you but does no damage.
Something hits you but does no damage.
You closely miss something.
An orc wizard appears from thin air!
Reactivating autopickup.
The orc hits you but does no damage.
The orc wizard gestures at you while chanting.
The magic dart hits you!
You die...

.. #.......# ...#.......
....
##.#...).#............
#........#............
#........#............
...(....<#...............
#.......##..............
.......................##
....#...@#...............
........oo......# .....#
.#.......#......# .....#
###.....#####.####......
#.....# #..o.o##....
###.#.. #r..........
..##. #........... ... .#
#........... .... ..
#.#.........


You could see an orc wizard and an orc.

Vanquished Creatures
  A necrophage (D:4)
  An orc priest (D:3)
  4 adders
  An ooze (D:3)
  3 dart slugs (D:1)
  2 giant geckos
  4 orcs
  7 bats
  5 giant cockroaches
  10 goblins
  8 hobgoblins
  4 jackals
  7 kobolds
  4 quokkas
  2 ball pythons
  4 giant newts
  11 rats
78 creatures vanquished.

Notes
Turn   | Place    | Note
--------------------------------------------------------------
     0 | D:1      | Nulkur the Mummy Fighter began the quest for the Orb.
     0 | D:1      | Reached XP level 1. HP: 18/18 MP: 1/1
    93 | D:1      | Reached XP level 2. HP: 23/24 MP: 2/2
   246 | D:1      | Reached XP level 3. HP: 10/29 MP: 3/3
   949 | D:2      | Reached XP level 4. HP: 32/35 MP: 4/4
  1328 | D:3      | Found a sacrificial altar of Ru.
  1615 | D:3      | Found a glowing silver altar of Zin.
  1793 | D:3      | Found a shadowy altar of Dithmenos.
  2089 | D:3      | Found an ancient bone altar of Kikubaaqudgha.
  2160 | D:4      | Reached XP level 5. HP: 41/41 MP: 5/5
  2176 | D:4      | Noticed a necrophage
  2193 | D:4      | Killed a necrophage
  2193 | D:4      | Reached skill level 1 in Maces & Flails
  2247 | D:4      | HP: 2/42 [orc/short sword (1)]
  2250 | D:4      | Killed from afar by an orc wizard

Skill      XL: |  1  2  3  4  5 |
---------------+----------------+-----
Shields        | 3 |  3.4
Armour         | 3 |  3.5
Polearms       | 2 |  2.4
Maces & Flails | 1 |  1.1
Fighting       | |  3.9

Action                   |  1- 3 |  4- 6 || total
-------------------------+-------+-------++-------
Melee: Trident           |   146 |    89 ||   235
       Flail             |       |    65 ||    65
 Stab: Distracted        |     1 |       ||     1
Armor: Scale mail        |    46 |    16 ||    62
       Plate armour      |       |    93 ||    93
Dodge: Dodged            |    41 |    39 ||    80
Block: Shield            |    54 |    83 ||   137
